 Dungeon Crawl Stone Soup version 0.22.0-49-gab54619674 (webtiles) character file.

11 MaCx the Digger (level 2, -2/15 HPs)
             Began as a Gargoyle Earth Elementalist on Sept 9, 2018.
             Slain by a hobgoblin
             ... wielding a +0 club
              (5 damage)
             ... on level 1 of the Dungeon.
             The game lasted 00:01:13 (591 turns).

MaCx the Digger (Gargoyle Earth Elementalist)        Turns: 591, Time: 00:01:13

Health: -2/15      AC:  4    Str: 11    XL:     2   Next: 29%
Magic:  1/5        EV: 12    Int: 15    God:
Gold:   34         SH:  0    Dex: 10    Spells: 4/5 levels left

rFire    . . .     SeeInvis .   (no weapon)
rCold    . . .     Gourm    .   (no shield)
rNeg     + . .     Faith    .   c - +0 robe
rPois    ∞         Spirit   .   (no helmet)
rElec    +         Reflect  .   (no cloak)
rCorr    .         Harm     .   (no gloves)
MR       .....                  (no boots)
Stlth    ++........             (no amulet)
HPRegen  0.05/turn              (no ring)
MPRegen  0.09/turn              (no ring)

@: no status effects
A: negative energy resistance 1, electricity resistance, unbreathing,
petrification resistance, rot immunity, AC +2
a: no special abilities


You were on level 1 of the Dungeon.
You were not hungry.

You visited 1 branch of the dungeon, and saw 1 of its levels.

You collected 34 gold pieces.

Inventory:

Missiles
 b - 25 stones (quivered)
Armour
 c - a +0 robe (worn)
Scrolls
 e - a scroll of remove curse {unknown}
Potions
 a - a potion of brilliance {unknown}
Comestibles
 d - 3 rations


   Skills:
 - Level 1.5 Dodging
 - Level 2.1 Stealth
 + Level 2.4 Spellcasting
   Level 0.7 Transmutations
 + Level 4.1 Earth Magic


You had 4 spell levels left.
You knew the following spells:

 Your Spells              Type           Power        Failure   Level  Hunger
a - Sandblast             Erth           ##....       4%          1    #......

Your spell library contained the following spells:

 Spells                   Type           Power        Failure   Level  Hunger
 Passwall                 Tmut/Erth      #.......     12%         2    ###....
 Stone Arrow              Conj/Erth      #.....       28%         3    ###....
 Petrify                  Tmut/Erth      #.......     61%         4    #####..
 Lee's Rapid Deconstruct  Erth           ##........   73%         5    ######.


Dungeon Overview and Level Annotations

Branches:
Dungeon (1/15)

Altars:


Innate Abilities, Weirdness & Mutations

You are resistant to torment.
Your stone body is resilient. (AC +2)
You are immune to poison.
You resist negative energy. (rN+)
You are resistant to electric shocks. (rElec)
You can survive without breathing.
You are immune to petrification.
You are immune to rotting.


Message History

The kobold hits you but does no damage.
You closely miss the kobold.
The kobold is severely wounded.
The bat barely misses you. The hobgoblin hits you with a club.
The kobold barely misses you.
You barely miss the kobold.
The kobold is severely wounded.
The bat barely misses you. The hobgoblin closely misses you.
The kobold hits you with a short sword of electrocution.
* * * LOW HITPOINT WARNING * * *
You closely miss the kobold.
The kobold is severely wounded.
The bat hits you but does no damage. x2; The hobgoblin barely misses you.
The kobold misses you.
You barely miss the kobold.
The kobold is severely wounded.
The bat hits you but does no damage. The bat hits you.
* * * LOW HITPOINT WARNING * * *
The hobgoblin hits you with a club.
You die...

## ##. ........... .#
....##.......(# .#
............... #
##...#...# #
#...K....# #
#...###..# #
........K.# #
.#######g##.#
.......K@b..#
#######.#############
....................#
#######.###########.#
#........ #.# #
#..##.... #.# #
...##.... #.# #
..###.... #.# ##
######.... #.#


You could see a hobgoblin, a bat and 2 kobolds.

Vanquished Creatures
  An ooze (D:1)
  2 goblins (D:1)
  3 bats (D:1)
  A kobold (D:1)
  2 rats (D:1)
9 creatures vanquished.

Notes
Turn   | Place    | Note
-------+----------+-------------------------------------------
     0 | D:1      | MaCx the Gargoyle Earth Elementalist began the quest for
                  | the Orb.
     0 | D:1      | Reached XP level 1. HP: 10/10 MP: 3/3
   430 | D:1      | Reached skill level 4 in Earth Magic
   430 | D:1      | Reached XP level 2. HP: 10/15 MP: 5/5
   591 | D:1      | Slain by a hobgoblin

Skill      XL: |  1 |
---------------+----+-----
Earth Magic    | 4 |  4.1
Dodging        | |  1.5
Stealth        | |  2.1
Spellcasting   | |  2.4
Transmutations | |  0.7

Action                   || total
-------------------------++-------
Melee: Unarmed           ||    82
 Cast: Sandblast         ||     5
 Stab: Sleeping          ||     1
Armor: Robe              ||    33
Dodge: Dodged            ||    76
